 Dungeon Crawl Stone Soup version 0.21-a0-525-ga34b322 (webtiles) character file.

22 Amnesiac the Vexing (level 2, 0/22 HPs)
             Began as a Mummy Arcane Marksman on Dec 8, 2017.
             Slain by a goblin (6 damage)
             ... led by Robin
             ... on level 1 of the Dungeon.
             The game lasted 00:02:16 (1504 turns).

Amnesiac the Vexing (Mummy Arcane Marksman)         Turns: 1504, Time: 00:02:17

Health: 0/22       AC: 10    Str: 13    XL:     2   Next: 68%
Magic:  3/4        EV: 11    Int: 12    God:
Gold:   62         SH:  0    Dex: 12    Spells: 0/3 levels left

rFire    x . .     SeeInvis .   b - +1 dagger (protect)
rCold    + . .     Gourm    .   (no shield)
rNeg     + + +     Faith    .   e - +0 leather armour {rN+}
rPois    ∞         Spirit   .   (no helmet)
rElec    .         Reflect  .   (no cloak)
rCorr    .         Harm     .   (no gloves)
MR       .....                  (no boots)
Stlth    +.........             (no amulet)
HPRegen  0.07/turn              (no ring)
MPRegen  0.09/turn              (no ring)

@: protection aura
A: no food or potions, fire vulnerability, cold resistance 1, negative energy
resistance 3, torment resistance, unbreathing
a: no special abilities


You were on level 1 of the Dungeon.
You were not hungry.

You visited 1 branch of the dungeon, and saw 2 of its levels.

You collected 62 gold pieces.

Inventory:

Hand Weapons
 a - a +0 shortbow
 b - a +1 dagger of protection (weapon)
Missiles
 d - 38 arrows
Armour
 e - a +0 leather armour of positive energy (worn)
Scrolls
 f - a scroll of random uselessness {!r, unknown}
 g - 3 scrolls of teleportation {!r, unknown}
 h - 5 scrolls of identify {!r, unknown}
Books
 c - a book of Debilitation

   Spells                             Type                      Level
   a - Corona                         Hexes                        1
   b - Slow                           Hexes                        2
   c - Inner Flame                    Hexes/Fire                   3
   d - Portal Projectile              Hexes/Translocation          3
   e - Cause Fear                     Hexes                        4
   f - Leda's Liquefaction            Hexes/Earth                  4


   Skills:
 + Level 1.7 Fighting
 - Level 1.5 Bows
 - Level 1.5 Armour
 - Level 1.5 Dodging
 - Level 1.3 Spellcasting
 - Level 2.6 Hexes


You couldn't memorise any spells.
You knew the following spells:

 Your Spells              Type           Power        Failure   Level  Hunger
a - Corona                Hex            #......      12%         1    N/A
e - Slow                  Hex            #.......     19%         2    N/A

Dungeon Overview and Level Annotations

Branches:
Dungeon (2/15)

Altars:
Nemelex Xobeh

Annotations:
D:2 Jessica, Robin, Sigmund


Innate Abilities, Weirdness & Mutations

You do not eat or drink.
Your flesh is vulnerable to fire.
You are immune to poison.
Your flesh is cold resistant. (rC+)
You are immune to negative energy. (rN+++)
You are immune to unholy pain and torment.
You can survive without breathing.


Message History

You hit the hobgoblin.
The hobgoblin is severely wounded.
The hobgoblin hits you but does no damage.
You hit the hobgoblin.
The hobgoblin is almost dead.
The hobgoblin hits you but does no damage.
You hit the hobgoblin.
You kill the hobgoblin!
You see here a hobgoblin corpse.
Found a sparkling altar of Nemelex Xobeh.
Found an escape hatch in the ceiling.
There is a sparkling altar of Nemelex Xobeh here.
There is an escape hatch in the ceiling here.
A mysterious force pulls you upwards. The hatch slams shut behind you.
There is an open door here.
You see here a goblin skeleton.
There is a stone staircase leading down here.
You climb downwards.
Level annotation: Jessica, Robin, Sigmund Robin shouts!
The goblin shouts!
The hobgoblin shouts!
The goblin shouts!
The hobgoblin shouts! x2; The goblin shouts!
The kobold shouts!
You hear a shout!
The goblin shouts!
You hear an angry hiss.
The kobold hits you with a whip. Robin throws the goblin at you!
The hobgoblin closely misses you. The goblin barely misses you.
The hobgoblin barely misses you. The kobold closely misses you.
Robin roars a battlecry!
The goblins go into a battle-frenzy!
There is a stone staircase leading up here.
The hobgoblin barely misses you. The goblin closely misses you.
The hobgoblin closely misses you. The kobold barely misses you.
The goblin misses you.
You climb upwards.
There is a stone staircase leading down here.
Casting: Corona
Confirm with . or Enter, or press ? or * to list all spells.
Aiming: Corona
Press: ? - help, Shift-Dir - straight line, f - hobgoblin
Aim: a hobgoblin, wielding a club (unusually strong, chance to defeat MR: 59%)
The hobgoblin is outlined in light.
The hobgoblin hits you but does no damage.
The goblin hits you. The hobgoblin barely misses you.
The kobold barely misses you.
You hit the hobgoblin.
Your weapon exudes an aura of protection.
The hobgoblin is lightly wounded.
The goblin hits you but does no damage.
The hobgoblin hits you but does no damage.
The hobgoblin hits you. The kobold barely misses you.
You hit the hobgoblin but do no damage.
The hobgoblin is lightly wounded.
The goblin barely misses you.
The hobgoblin hits you but does no damage.
The hobgoblin hits you.
* * * LOW HITPOINT WARNING * * *
The kobold hits you with a whip.
* * * LOW HITPOINT WARNING * * *
You hit the hobgoblin.
The hobgoblin is severely wounded.
The goblin hits you but does no damage. The hobgoblin barely misses you. x2
The kobold hits you but does no damage.
You hit the hobgoblin.
You kill the hobgoblin!
The goblin hits you.
You die...

########## #########.....##.##
#.......#.###.#...## #####
#......>..# #....... ###...#
#.#.###...###.....## ......#
#.#g# #........#.## ###...#####
#.#g###..........# #.......#
#.K@g÷.........#.# #...###.#
###)####.......#+## ##### #.# #.#
#..........## ### #.#
#.##########.....# # ##.###.#
#.##.## ##.......
####...##.######.....####........
+.......................'[)......
####......#####......#.##........
# #..##### #.....##.###....(..


You could see a hobgoblin, 2 goblins and a kobold.

Vanquished Creatures
  A giant cockroach (D:1)
  6 goblins
  5 hobgoblins
  2 kobolds (D:1)
  A ball python (D:1)
  A bat (D:1)
  3 frilled lizards
  2 rats (D:1)
21 creatures vanquished.

Notes
Turn   | Place    | Note
-------+----------+-------------------------------------------
     0 | D:1      | Amnesiac the Mummy Arcane Marksman began the quest for the Orb.
     0 | D:1      | Reached XP level 1. HP: 15/15 MP: 2/2
   181 | D:1      | Reached skill level 1 in Armour
   527 | D:1      | Reached XP level 2. HP: 17/21 MP: 4/4
   597 | D:1      | Learned a level 2 spell: Slow
  1129 | D:2      | Noticed Robin
  1157 | D:2      | Noticed Jessica
  1161 | D:2      | Noticed Sigmund
  1455 | D:2      | Found a sparkling altar of Nemelex Xobeh.
  1504 | D:1      | Slain by a goblin

Vault maps used:
D:1:      lemuel_arrival_hallway
D:2:      nemelex_xobeh_ov_fountains_minmay, uniq_sigmund, uniq_terence,
          uniq_jessica, uniq_robin

Skill      XL: |  1 |
---------------+----+-----
Armour         | 1 |  1.5
Fighting       | |  1.7
Bows           | |  1.5
Dodging        | |  1.5
Spellcasting   | |  1.3
Hexes          | |  2.6

Action                   || total
-------------------------++-------
Melee: Dagger            ||    70
 Fire: Shortbow          ||     6
 Cast: Corona            ||    18
       Slow              ||     1
 Stab: Sleeping          ||     1
Armor: Robe              ||     5
       Leather armour    ||    33
Dodge: Dodged            ||    55

Table legend:
 A = Spawn XP
 B = Non-spawn XP
 C = Spawn XP percentage of total XP
 D = Spawn monster count
 E = Non-spawn monster count
 F = Spawn count percentage of total count
 G = Total turns spent on level
                    A         B        C        D         E        F      G
               +---------+---------+-------+---------+---------+-------+---------
         Total |       0 |      32 |   0.0 |       0 |      21 |   0.0 |  1504
               +---------+---------+-------+---------+---------+-------+---------
           D:1 |       0 |      26 |   0.0 |       0 |      17 |   0.0 |  1390
           D:2 |       0 |       6 |   0.0 |       0 |       4 |   0.0 |   114
               +---------+---------+-------+---------+---------+-------+---------
